 Dungeon Crawl Stone Soup version 0.18-a0-1730-g73f0523 (webtiles) character file.

113840 dobroeutro the Peltast (level 16, -6/108 HPs)
             Began as a Gargoyle Fighter on Apr 10, 2016.
             Was the Champion of the Shining One.
             Mangled by Aizul (11 damage)
             ... on level 1 of the Swamp.
             The game lasted 01:31:19 (26937 turns).

dobroeutro the Peltast (Gargoyle Fighter)          Turns: 26937, Time: 01:31:21

Health: -6/108     AC: 27    Str: 28    XL:     16   Next: 64%
Magic:  17/17      EV: 10    Int: 11    God:    the Shining One [******]
Gold:   3261       SH: 16    Dex: 12    Spells: 0 memorised, 15 levels left

rFire  + . .     SeeInvis .     i - +5 flail of Disembowelment {crush, Str+4}
rCold  . . .     Gourm    .     l - +4 ring mail of the Moneychanger {Stlth+}
rNeg   + + +     Faith    .     c - +1 shield
rPois  ∞         Spirit   .     (helmet restricted)
rElec  +         Dismiss  .     E - +2 cloak {+Inv}
rCorr  .         Reflect  .     u - +1 pair of gloves
SustAt .         Harm     .     b - +0 pair of boots (curse)
MR     ++...                    (no amulet)
Stlth  +.........               P - ring of protection from magic
                                U - ring of protection from fire

@: glowing, very resistant to hostile enchantments, very unstealthy
A: antennae 2, big wings, hooves 1, agile 1, blurry vision 1, deformed body,
negative energy resistance 1, electricity resistance, unbreathing, petrification
resistance, rot immunity, MP-powered wands, AC +11
a: Fly, Divine Shield, Cleansing Flame, Summon Divine Warrior, Brand Weapon With
Holy Wrath, Renounce Religion, Evoke Invisibility


You were on level 1 of the Swamp.
You worshipped the Shining One.
The Shining One was exalted by your worship.
You were hungry.

You visited 5 branches of the dungeon, and saw 26 of its levels.
You also visited: Bailey, Ice Cave and Volcano.

You collected 3625 gold pieces.
You spent 364 gold pieces at shops.

Inventory:

Hand Weapons
 a - a +0 morningstar
 i - the +5 flail of Disembowelment (weapon) {crush, Str+4}
   (You took it off a centaur on level 10 of the Dungeon)

   It inflicts extra damage upon your enemies.
   It affects your strength (+4).
Missiles
 s - 25 tomahawks of returning (quivered)
Armour
 b - a cursed +0 pair of boots (worn)
 c - a +1 shield (worn)
 l - the +4 ring mail of the Moneychanger (worn) {Stlth+}
   (You found it on level 5 of the Lair of Beasts)

   It makes you more stealthy.
 u - a +1 pair of gloves (worn)
 E - a +2 cloak of invisibility (worn)
Jewellery
 m - a +2 ring of dexterity
 P - a ring of protection from magic (right hand)
 U - a ring of protection from fire (left hand)
 X - an uncursed ring of protection from cold
 Y - an uncursed ring of protection from magic
Wands
 g - a wand of flame (15/48)
 o - a wand of iceblast (8/15)
 I - a wand of digging (13/24)
 Q - a wand of acid (0/15)
 W - a wand of digging (7/24)
Scrolls
 e - 4 scrolls of fog
 h - 11 scrolls of remove curse
 j - 8 scrolls of enchant armour
 k - 4 scrolls of enchant weapon
 n - 5 scrolls of recharging
 r - a scroll of brand weapon {unknown}
 w - 3 scrolls of blinking {unknown}
 x - 3 scrolls of teleportation
 y - 2 scrolls of acquirement {unknown}
 B - 2 scrolls of noise {unknown}
 H - 6 scrolls of fear {unknown}
 L - a scroll of summoning {unknown}
 M - 3 scrolls of vulnerability {unknown}
 O - a scroll of holy word {unknown}
 R - 9 scrolls of identify
Potions
 d - 4 potions of might
 q - 5 potions of brilliance
 v - 2 potions of berserk rage
 A - a potion of curing
 D - 4 potions of haste
 V - 3 potions of resistance
Miscellaneous
 N - a box of beasts {used: 3}
Comestibles
 f - 11 bread rations
 p - 21 fruits
 z - a royal jelly
 C - 9 slices of pizza
 F - 7 beef jerkies
 G - 16 meat rations


   Skills:
 + Level 15.2 Fighting
 - Level 16.8 Maces & Flails
 + Level 11.1 Armour
 * Level 0.2 Dodging
 + Level 17.3 Shields
 * Level 0.2 Invocations
 + Level 1.5 Evocations


You had 15 spell levels left.
You didn't know any spells.

Dungeon Overview and Level Annotations

Branches:
Dungeon (14/15)            Temple (1/1) D:4            Lair (8/8) D:11
  Swamp (1/4) Lair:3       Spider (0/4) Lair:3        Slime (0/6) Lair:7
    Orc (2/2) D:9             Elf (0/3) Orc:2
 Vaults: D:13-14

Altars:
Ashenzari
Cheibriados
Dithmenos
Elyvilon
Fedhas
Gozag
Kikubaaqudgha
Makhleb
Nemelex Xobeh
Okawaru
Pakellas
Qazlal
Ru
Sif Muna
Trog
Vehumet
Xom
Yredelemnul
Zin
The Shining One

Shops:
D:8 }   Orc:2 ([*(

Annotations:
D:10 exclusion: ice statue
D:14 Donald; Rupert
Lair:8 exclusion: oklob plant
Swamp:1 Aizul


Innate Abilities, Weirdness & Mutations

You are resistant to torment.
Your stone body is resilient (AC +11).
You are immune to poison.
Your large and strong wings let you fly indefinitely.
You resist negative energy.
You are resistant to electric shocks.
You can survive without breathing.
You are immune to petrification.
You are immune to rotting.
You have a pair of antennae on your head.
You have large cloven feet.
You are agile. (Dex +2)
Scrolls take you a little longer to read.
Armour fits poorly on your strangely shaped body.
You expend magic power (3 MP) to strengthen your wands.


Message History

The poison arrow hits you! You partially resist.
* * * LOW HITPOINT WARNING * * *
You enter the shallow water.
Moving in this stuff is going to be slow.
Aizul casts a spell at you. The poison arrow hits you! You partially resist.
The Shining One protects you from harm! Aizul hits you but does no damage.
Aizul hits you but does no damage. Aizul hits you but does no damage.
Aizul yawns, and then pretends he didn't.
Aizul casts a spell at you. The bolt of poison hits you! You resist.
You block the spiny frog's attack. You block Aizul's attack.
The spiny frog barely misses you. The giant leech bites you!
The Shining One protects you from harm! Aizul hits you!
* * * LOW HITPOINT WARNING * * *
Aizul hits you!
You die...

♣ ♣.♣.♣♣♣≈≈..≈♣♣♣.≈......♣♣ ♣
♣.(.♣♣♣♣≈≈.♣≈♣......)...♣♣ ♣
♣...♣♣.≈≈....≈≈...#####..♣♣ ♣
♣♣......≈≈..♣.....##...##..♣ ♣
♣...≈≈≈≈≈♣..♣≈≈..##.....##.. ♣
♣♣(.≈≈≈≈....♣.§..#...#...#.. ♣♣
♣≈≈≈≈≈♣≈n♣≈≈§...#..#....... .♣♣
♣.≈≈≈≈≈≈FS......#...#.÷.+.. ..♣♣
♣♣..≈≈≈≈≈w♣@≈≈...##!....##.. ♣..♣
♣≈.....≈≈.♣..<♣♣..##...##..≈ ..♣♣
♣≈♣.♣♣....♣♣..♣....#####..≈≈
≈..♣♣♣.♣.♣♣♣♣≈≈♣♣...♣≈≈.......§..
...♣♣.≈..♣ .♣.♣♣♣..♣≈.≈.....≈.≈≈
♣♣.♣..≈♣♣♣ ♣♣..♣ ♣......≈..≈...≈≈
♣♣...♣♣ ♣.♣ ♣♣.≈≈≈..≈≈≈≈≈..≈
♣..♣♣ ♣.≈♣♣.♣.♣....≈. ♣♣♣♣
♣.♣♣♣.♣≈♣≈≈.≈.§


You could see Aizul, a bog body and a spiny frog.

Vanquished Creatures
  Frances (Swamp:1)
  Kirke (Swamp:1)
  2 stone giants (Orc:1)
  Nessos (Lair:8)
  Josephine (Orc:1)
  A fire dragon (Lair:8)
  Harold (Lair:1)
  14 hydras
  The ghost of Conn321 the Blocker, a journeyman FoFi of Trog (Orc:2)
  The ghost of inmateoo the Spear-Bearer, a journeyman MfIE of Zin (D:11)
  2 centaur warriors (D:14)
  A catoblepas (Lair:7)
  A death knight (D:13)
  2 alligators (Swamp:1)
  3 orc high priests (Orc:2)
  4 death yaks (Lair:8)
  A tengu warrior (D:14)
  A salamander mystic (Volcano)
  A skeletal warrior (D:13)
  2 unseen horrors
  4 hill giants
  2 lindwurms (Lair:8)
  A shambling mangrove (Swamp:1)
  A harpy (Lair:8)
  11 orc knights
  A hornet (Swamp:1)
  2 salamanders (Volcano)
  2 ugly things
  2 deep elf magi
  A wolf spider (Lair:3)
  7 orc sorcerers
  8 griffons
  A manticore (Lair:8)
  4 cyclopes
  7 black mambas
  2 centaur zombies (D:13)
  16 elephants
  A gargoyle (D:13)
  5 torpor snails
  15 spiny frogs
  6 rime drakes
  A rime drake (shapeshifter) (D:14)
  8 komodo dragons
  A freezing wraith (D:13)
  2 tengu conjurers (D:14)
  6 trolls
  A jumping spider (Lair:3)
  A two-headed ogre (D:12)
  4 giant leeches
  27 blink frogs
  15 slime creatures
  6 shadows
  A vampire (D:12)
  An air elemental (D:10)
  A water elemental (D:10)
  5 wyverns (Lair:8)
  10 wraiths
  A redback (Lair:3)
  48 yaks
  7 basilisks
  13 hippogriffs
  Eustachio (D:6)
  A fire elemental (D:10)
  A hog (D:7)
  2 hungry ghosts
  5 humans
  3 vampire mosquitoes (Swamp:1)
  4 wargs (Orc:2)
  A steam dragon (Lair:8)
  8 swamp worms
  Edmund (D:6)
  2 soldier ants
  3 hell hounds
  14 porcupines
  13 water moccasins
  2 swamp drakes (Swamp:1)
  38 orc warriors
  5 wasps
  A black bear (D:6)
  2 necrophages (D:8)
  15 ice beasts
  2 sky beasts (D:9)
  15 ogres
  17 wolves
  11 crocodiles
  6 centaurs
  2 big kobolds
  Blork the orc (D:6)
  2 gnoll sergeants
  11 giant frogs
  An earth elemental (D:10)
  A wyvern zombie (D:9)
  4 scorpions
  10 killer bees
  A troll zombie (D:13)
  A troll skeleton (D:13)
  8 wights
  3 crimson imps
  An electric eel (Lair:3)
  2 giant frog zombies
  2 hounds
  4 centaur skeletons
  5 jellies
  4 human zombies (D:13)
  19 orc priests
  3 giant frog skeletons
  11 iguanas
  An iron imp (D:5)
  Terence (D:3)
  29 orc wizards
  8 worker ants
  16 sheep
  2 hound skeletons
  3 mummies (D:13)
  A worker ant zombie (D:5)
  Robin (D:3)
  12 gnolls
  16 adders
  25 river rats
  4 shadow imps
  2 oozes (D:3)
  3 adder zombies
  An adder skeleton (D:4)
  21 worms
  6 dart slugs
  9 giant geckos
  77 orcs
  A ball python (D:2)
  9 bats
  6 giant cockroaches
  19 goblins
  8 hobgoblins
  21 kobolds
  5 quokkas
  A giant gecko skeleton (D:4)
  7 giant newts
  A jackal zombie (D:5)
  An orc skeleton (D:13)
  8 rats
  A fungus (Lair:8)
  2 plants (Lair:8)
897 creatures vanquished.

Vanquished Creatures (others)
  2 humans (Swamp:1)
  An orc priest (Orc:2)
  15 fungi
  31 plants
49 creatures vanquished.

Grand Total: 946 creatures vanquished

Notes
Turn   | Place    | Note
--------------------------------------------------------------
     0 | D:1      | dobroeutro the Gargoyle Fighter began the quest for the Orb.
     0 | D:1      | Reached XP level 1. HP: 14/14 MP: 1/1
   155 | D:1      | Reached XP level 2. HP: 19/19 MP: 2/2
   656 | D:1      | Reached XP level 3. HP: 23/23 MP: 3/3
  1056 | D:2      | Reached XP level 4. HP: 23/29 MP: 4/4
  1124 | D:2      | Reached skill level 4 in Shields
  1553 | D:3      | Found an oddly glowing altar of Pakellas.
  1584 | D:3      | Noticed Terence
  1598 | D:3      | Killed Terence
  1624 | D:3      | Found a sacrificial altar of Ru.
  1628 | D:3      | Found an ancient bone altar of Kikubaaqudgha.
  1628 | D:3      | Found a white marble altar of Elyvilon.
  1628 | D:3      | Found a radiant altar of Vehumet.
  1702 | D:3      | Reached XP level 5. HP: 33/33 MP: 5/5
  1714 | D:3      | Noticed Robin
  1730 | D:3      | Killed Robin
  2254 | D:4      | Found a deep blue altar of Sif Muna.
  2345 | D:4      | Reached skill level 5 in Shields
  2345 | D:4      | Reached XP level 6. HP: 39/39 MP: 6/6
  2660 | D:4      | Found a staircase to the Ecumenical Temple.
  2743 | Temple   | Entered the Ecumenical Temple
  2823 | Temple   | Became a worshipper of the Shining One
  2954 | D:4      | Reached skill level 5 in Fighting
  3279 | D:5      | Entered Level 5 of the Dungeon
  3288 | D:5      | Reached XP level 7. HP: 44/44 MP: 7/7
  3369 | D:5      | Reached skill level 6 in Shields
  3498 | D:5      | Reached skill level 5 in Armour
  3762 | D:5      | Found a snail-covered altar of Cheibriados.
  3829 | D:5      | Reached * piety under the Shining One
  4064 | D:6      | Reached XP level 8. HP: 29/51 MP: 8/8
  4131 | D:6      | Noticed Edmund
  4148 | D:6      | Killed Edmund
  4209 | D:6      | Reached skill level 7 in Shields
  4216 | D:6      | Reached skill level 5 in Maces & Flails
  4437 | D:6      | Noticed Blork the orc
  4452 | D:6      | Killed Blork the orc
  4554 | D:6      | Noticed Eustachio
  4569 | D:6      | Killed Eustachio
  4732 | D:7      | Reached ** piety under the Shining One
  4732 | D:7      | Reached XP level 9. HP: 56/56 MP: 9/9
  4880 | D:7      | Found a shimmering altar of Xom.
  4881 | D:7      | Noticed an angel
  4886 | D:7      | Found a glowing silver altar of Zin.
  4891 | D:7      | Found a shimmering altar of Xom.
  4891 | D:7      | Found a shimmering altar of Xom.
  4892 | D:7      | Found a shimmering altar of Xom.
  4895 | D:7      | Found a shimmering altar of Xom.
  4903 | D:7      | Found a shimmering altar of Xom.
  4960 | D:7      | Reached skill level 8 in Shields
  5014 | D:7      | Found a shimmering altar of Xom.
  5017 | D:7      | Found a shimmering altar of Xom.
  5023 | D:7      | Found a shimmering altar of Xom.
  5023 | D:7      | Found a shimmering altar of Xom.
  5308 | D:7      | Noticed a hill giant
  5321 | D:7      | Killed a hill giant
  5440 | D:8      | Got a slimy amber ring
  5462 | D:8      | Identified the ring of Ycelul {Ice MP+9} (You found it on level 8 of the Dungeon)
  5494 | D:8      | Found Muqic's Gadget Shop.
  5736 | D:8      | Reached skill level 9 in Shields
  5950 | D:8      | Reached XP level 10. HP: 64/64 MP: 10/10
  6506 | D:9      | Gained mutation: You have large cloven feet. [mutagenic meat]
  6507 | D:9      | Gained mutation: You expend magic power (3 MP) to strengthen your wands. [mutagenic meat]
  6508 | D:9      | Gained mutation: You possess an exceptional clarity of mind. [mutagenic meat]
  6509 | D:9      | Gained mutation: You are agile. (Dex +2) [mutagenic meat]
  6510 | D:9      | Gained mutation: You have a pair of small antennae on your head. [mutagenic meat]
  6511 | D:9      | Lost mutation: You possess an exceptional clarity of mind. [mutagenic meat]
  6605 | D:9      | Found a staircase to the Orcish Mines.
  6621 | D:9      | Reached *** piety under the Shining One
  6687 | D:9      | Found a flagged portal.
  6702 | Bailey   | Entered a bailey
  6851 | Bailey   | Found an iron altar of Okawaru.
  7278 | D:9      | Reached skill level 10 in Shields
  7425 | D:10     | Entered Level 10 of the Dungeon
  7425 | D:10     | Noticed an ice statue
  7538 | D:10     | Got an uncursed bloodstained flail {crush}
  7539 | D:10     | Identified the +5 flail of Disembowelment {crush, Str+4} (You took it off a centaur on level 10 of the Dungeon)
  7584 | D:10     | Got a faintly humming robe
  7595 | D:10     | Identified the +1 robe of the Five Ghosts {Slay+3} (You found it on level 10 of the Dungeon)
  7748 | D:10     | Reached XP level 11. HP: 35/69 MP: 11/11
  7932 | D:10     | Reached skill level 11 in Shields
  7978 | D:10     | Noticed an unseen horror
  8002 | D:10     | Killed an unseen horror
  8029 | D:10     | Reached **** piety under the Shining One
  8100 | D:10     | Noticed a hill giant
  8105 | D:10     | The Shining One protects you from harm!
  8108 | D:10     | Killed a hill giant
  8108 | D:10     | Reached skill level 10 in Maces & Flails
  8215 | D:10     | Found a large runed door.
  8215 | D:10     | Found a large runed door.
  8340 | D:11     | Noticed inmateoo's ghost (journeyman MfIE)
  8958 | D:11     | Noticed a cyclops
  8959 | D:11     | Noticed a hill giant
  9032 | D:11     | Found a staircase to the Lair.
  9054 | D:11     | Noticed a red ugly thing
  9081 | D:11     | Noticed a hill giant
  9090 | D:11     | Killed a hill giant
  9222 | D:11     | Noticed a griffon
  9234 | D:11     | Killed a griffon
  9234 | D:11     | Reached skill level 10 in Fighting
  9429 | D:12     | Reached ***** piety under the Shining One
  9644 | D:12     | Noticed a hill giant
  9656 | D:12     | Killed a hill giant
  9656 | D:12     | Reached skill level 1 in Evocations
  9677 | D:12     | Reached XP level 12. HP: 27/77 MP: 12/12
 10484 | D:12     | Reached skill level 12 in Shields
 10488 | D:12     | Gained mutation: You are weak. (Str -2) [mutagenic meat]
 10489 | D:12     | Lost mutation: You are weak. (Str -2) [mutagenic meat]
 10490 | D:12     | Gained mutation: You are dopey. (Int -2) [mutagenic meat]
 10491 | D:12     | Gained mutation: Your muscles are strong. (Str +2) [mutagenic meat]
 10967 | D:13     | Found a frozen archway.
 11019 | IceCv    | Entered an ice cave
 11096 | IceCv    | HP: 1/80 [ice statue/bolt of cold (10)]
 11290 | D:13     | Noticed a four-headed hydra
 11298 | D:13     | Killed a four-headed hydra
 11505 | D:13     | Got an ichor-stained battleaxe
 11520 | D:13     | Identified the cursed +1 battleaxe "Killer Klown's Curse" {antimagic, +Fly rN++ MR- Str+3} (You found it on level 13 of the Dungeon)
 11611 | D:13     | Found a basalt altar of Yredelemnul.
 11659 | D:13     | Noticed a death knight
 11691 | D:13     | Killed a death knight
 11691 | D:13     | Reached XP level 13. HP: 84/84 MP: 13/13
 11696 | D:13     | Reached skill level 13 in Shields
 12053 | D:14     | Reached skill level 10 in Armour
 12353 | D:14     | Noticed Donald
 12417 | D:14     | Noticed Rupert
 12417 | D:14     | Reached ****** piety under the Shining One
 12549 | Lair:1   | Entered Level 1 of the Lair of Beasts
 13025 | Lair:1   | Noticed Harold
 13037 | Lair:1   | Killed Harold
 13741 | Lair:2   | Found a dark tunnel.
 13750 | Volcano  | Entered a volcano
 13780 | Volcano  | Reached skill level 14 in Shields
 14755 | Lair:2   | Gained mutation: Your large and strong wings let you fly indefinitely. [Gargoyle growth]
 14755 | Lair:2   | Reached XP level 14. HP: 61/92 MP: 14/14
 15578 | Lair:3   | Found a staircase to the Swamp.
 15837 | Lair:3   | Found a hole to the Spider Nest.
 16884 | Lair:4   | Gained mutation: You have a pair of antennae on your head. [potion of mutation]
 16884 | Lair:4   | Lost mutation: Your muscles are strong. (Str +2) [potion of mutation]
 16884 | Lair:4   | Gained mutation: Scrolls take you a little longer to read. [potion of mutation]
 16885 | Lair:4   | Gained mutation: Armour fits poorly on your strangely shaped body. [potion of mutation]
 16885 | Lair:4   | Lost mutation: You are dopey. (Int -2) [potion of mutation]
 17056 | Lair:5   | Got a warped ring mail
 17067 | Lair:5   | Identified the +4 ring mail of the Moneychanger {Stlth+} (You found it on level 5 of the Lair of Beasts)
 18287 | Lair:7   | Found a staircase to the Slime Pits.
 18588 | Lair:7   | Reached skill level 15 in Shields
 19491 | Lair:8   | Entered Level 8 of the Lair of Beasts
 19850 | Lair:8   | Found a runed door.
 20214 | Lair:7   | Reached XP level 15. HP: 49/99 MP: 15/15
 20897 | Lair:8   | Reached skill level 15 in Maces & Flails
 21787 | Lair:8   | Reached skill level 16 in Shields
 21869 | Lair:8   | Noticed Nessos
 21882 | Lair:8   | Killed Nessos
 22825 | D:11     | Killed inmateoo's ghost
 22868 | Orc:1    | Entered Level 1 of the Orcish Mines
 23003 | Orc:1    | Found a bloodstained altar of Trog.
 23311 | Orc:2    | Entered Level 2 of the Orcish Mines
 23397 | Orc:1    | HP: 4/101 [stone giant (13)]
 23400 | Orc:1    | Reached XP level 16. HP: 4/107 MP: 15/17
 24252 | Orc:2    | Found Myossyar's Weapon Emporium.
 24779 | Orc:2    | Found Telet's Armour Boutique.
 24783 | Orc:2    | Found Ceaxkais's General Store.
 24802 | Orc:2    | Reached skill level 17 in Shields
 24815 | Orc:2    | Bought a potion of curing for 42 gold pieces
 24817 | Orc:2    | Found Qyquhioz's Weapon Emporium.
 24823 | Orc:2    | Bought a +2 cloak of invisibility for 322 gold pieces
 24923 | Orc:2    | Noticed Conn321's ghost (journeyman FoFi)
 24944 | Orc:2    | Killed Conn321's ghost
 25195 | Orc:2    | Found a staircase to the Elven Halls.
 25438 | Orc:1    | Noticed Josephine
 25453 | Orc:1    | Killed Josephine
 25709 | Swamp:1  | Entered Level 1 of the Swamp
 26028 | Swamp:1  | Noticed Kirke
 26129 | Swamp:1  | Was placed under penance by the Shining One
 26143 | Swamp:1  | Killed Kirke
 26143 | Swamp:1  | Reached skill level 15 in Fighting
 26369 | Swamp:1  | Noticed Frances
 26369 | Swamp:1  | Was forgiven by the Shining One
 26386 | Swamp:1  | Killed Frances
 26863 | Swamp:1  | Noticed Aizul
 26933 | Swamp:1  | The Shining One protects you from harm!
 26936 | Swamp:1  | The Shining One protects you from harm!
 26937 | Swamp:1  | HP: 5/108 [Aizul (7)]
 26937 | Swamp:1  | Mangled by Aizul

Vault maps used:
D:1:      evilmike_arrival_rings
D:3:      grunt_pakellas_salt, grunt_temple_overflow_open, first_bread,
          minmay_misc_feat_room, uniq_robin, uniq_terence
D:4:      old_standard_altar, minmay_temple_entry_glass
D:5:      slow_altar_1, eino_curves_03
D:6:      minmay_misc_feat_more_columns, uniq_blork_the_orc, uniq_eustachio,
          uniq_edmund
D:7:      grunt_temple_overflow_order_and_chaos_1, grunt_livestock,
          xom_shifter_show
D:8:      serial_shops, shop, serial_co_window_serial, co_window_paths_b,
          co_window_paths_a, co_window_paths_b, co_window_cross_1,
          co_window_paths_a, co_window_2corner, co_window_2corner,
          co_window_unsneaky_path_e, glass_columns_a, glass_columns_a,
          glass_columns_a, glass_columns_c
D:9:      orc_0_dummy, enter_bailey_3
D:10:     minivault_16, lightli_elemental_guards
D:11:     minmay_lair_entry_lava, hangedman_decor_peaks_small,
          onia_ninara_dug_in_and_dangerous
D:13:     portal_ice_cave_entry_ice_beasts, kennysheep_nub,
          lemuel_mausoleum_altar_yredelemnul
D:14:     david_vaults_3, hex_tiny, nicolae_ru_path_of_blood
Temple:   triangle_lava_temple_11
Lair:1:   uniq_harold
Lair:2:   enter_volcano_1, grunt_megastairs_4
Lair:3:   minmay_lair_venomous_thicket, nicolae_swamp_entry_splash_gauntlet,
          spider_nest_entry_a
Lair:5:   infiniplex_staircase_pool, lemuel_fruit_tree
Lair:7:   slime_dummy
Lair:8:   hangedman_lair_in_review, wormcave, special_room, dpeg_oklob_1,
          uniq_nessos
Swamp:1:  evilmike_swamp_ruin_house_3, swamp_pool2, uniq_frances, uniq_kirke,
          uniq_aizul
Orc:1:    bloody_trog, uniq_josephine
Orc:2:    st_orc_elflike, uniq_rupert
Bailey:   bailey_axe_3, bailey
IceCv:    ice_cave_statue_garden_01
Volcano:  volcano_caves

Skill      XL: |  1  2  3  4  5  6  7  8  9 10 11 12 13 14 15 16 |
---------------+-------------------------------------------------+-----
Fighting       | 4 5 6 7 8 10 11 12 13 14 15 | 15.2
Armour         | 4 5 7 8 9 10 11 | 11.1
Shields        | 4 5 6 7 9 10 11 12 14 15 16 17 | 17.3
Maces & Flails | 3 4 6 7 9 10 12 13 14 16 | 16.8
Evocations     | 1 |  1.5
Dodging        | |  0.2
Invocations    | |  0.2

Action                   |  1- 3 |  4- 6 |  7- 9 | 10-12 | 13-15 | 16-18 || total
-------------------------+-------+-------+-------+-------+-------+-------++-------
Melee: Flail             |   148 |   272 |   294 |   756 |  1555 |   556 ||  3581
Throw: Tomahawk          |       |       |       |     1 |       |       ||     1
 Abil: Fly               |       |       |       |       |       |     1 ||     1
Evoke: Wand              |       |       |     2 |     3 |     3 |     1 ||     9
       Box of beasts     |       |       |       |       |     3 |       ||     3
  Use: Scroll            |       |       |     4 |    19 |     8 |       ||    31
       Potion            |       |       |       |    10 |     8 |       ||    18
  Eat: Chunk             |     1 |     5 |     7 |    25 |    32 |     7 ||    77
       Royal jelly       |       |     1 |     1 |       |       |       ||     2
       Fruit             |       |       |       |     4 |       |     5 ||     9
       Bread ration      |       |       |       |     1 |     1 |       ||     2
       Pizza             |       |       |       |       |     1 |       ||     1
